 Dungeon Crawl Stone Soup version 0.32-a0-961-gd60f5e5fc7 (webtiles) character file.

Game seed: 10019496104971344239

347 Nietzsche the Cudgeller (level 6, -1/47 HPs)
             Began as a Demonspawn Gladiator on Apr 17, 2024.
             Slain by Edmund
             ... wielding a +0 heavy dire flail
              (23 damage)
             ... on level 4 of the Dungeon.
             The game lasted 00:08:50 (3033 turns).

Nietzsche the Cudgeller (Demonspawn Gladiator)      Turns: 3033, Time: 00:08:51

Health: -1/47      AC:  8    Str: 15    XL:     6   Next: 33%
Magic:  8/8        EV: 11    Int: 10    God:
Gold:   177        SH:  0    Dex: 14    Spells: 8/8 levels left

rFire   . . .        a - +0 flail
rCold   . . .        (no shield)
rNeg    . . .        b - +0 leather armour
rPois   .            c - +0 helmet
rElec   .            (no cloak)
rCorr   .            (no gloves)
SInv    .            (no boots)
Will    +....        s - amulet of regeneration
Stlth   +            u - ring of willpower
HPRegen 1.07/turn    l - +4 ring of protection
MPRegen 0.22/turn

%: no passive effects
@: no status effects
A: magic regeneration
a: no special abilities


You were on level 4 of the Dungeon.
You visited 1 branch of the dungeon, and saw 4 of its levels.

You collected 177 gold pieces.

Inventory:

Hand Weapons
 a - a +0 flail (weapon)
 r - a +0 trident of venom
Missiles
 d - 3 throwing nets (quivered)
 e - 5 javelins
Armour
 b - a +0 leather armour (worn)
 c - a +0 helmet (worn)
Jewellery
 i - a ring of protection from fire
 l - a +4 ring of protection (right hand)
 s - an amulet of regeneration (around neck)
 u - a ring of willpower (left hand)
Scrolls
 f - a scroll of acquirement {unknown}
 h - 3 scrolls of teleportation {unknown}
 o - 2 scrolls of enchant weapon {unknown}
 p - 2 scrolls of fog {unknown}
 q - 2 scrolls of identify {unknown}
 t - a scroll of torment {unknown}
Potions
 g - 6 potions of curing {unknown}
 j - a potion of enlightenment {unknown}
 k - a potion of invisibility {unknown}
 m - 3 potions of brilliance {unknown}
 n - a potion of ambrosia {unknown}


   Skills:
 + Level 3.2 Fighting
 + Level 5.2 Maces & Flails
 + Level 1.8 Throwing
 - Level 0.1 Armour
 + Level 3.3 Dodging
 * Level 1.9 Spellcasting


You had 8 spell levels left.
You didn't know any spells.
Your spell library contained the following spells:

 Spells                   Type           Power      Damage    Failure   Level
 Freeze                   Ice            0%         1d3       36%         1
 Blink                    Tloc           0%         N/A       52%         2
 Lesser Beckoning         Tloc           0%         N/A       52%         2
 Momentum Strike          Conj/Tloc      0%         3d8       52%         2
 Frozen Ramparts          Ice            0%         1d1       75%         3
 Fugue of the Fallen      Necr           0%         N/A       75%         3
 Hailstorm                Conj/Ice       0%         3d5       75%         3
 Ozocubu's Armour         Ice            0%         N/A       75%         3
 Petrify                  Alch/Erth      0%         N/A       98%         4
 Irradiate                Conj/Alch      0%         3d11      100%        5
 Metabolic Englaciation   Hex/Ice        0%         N/A       100%        5
 Manifold Assault         Tloc           0%         N/A       100%        7
 Fulsome Fusillade        Conj/Alch      0%         (3-5)d4   100%        8


Dungeon Overview and Level Annotations

Branches:
Dungeon (4/15)
 Temple: D:4-7

Altars:
Ashenzari
Cheibriados
Fedhas
Qazlal

Shops:
D:1 *   D:2 [*(!

Annotations:
D:4 Edmund


Innate Abilities, Weirdness & Mutations

You regenerate magic rapidly.


Message History

You closely miss the orc.
The orc is heavily wounded.
The orc closely misses you.
You hit the orc.
The orc is almost dead.
The orc barely misses you.
You closely miss the orc.
The orc is almost dead.
The orc hits you but does no damage.
You sock the orc!
You kill the orc!
Edmund says, "You wouldn't believe how much I paid for this flail."
You barely miss the orc. The orc barely misses you.
You sock Edmund!
Edmund is lightly wounded.
Edmund hits you with a +0 heavy dire flail!
You hit Edmund.
Edmund is moderately wounded.
You closely miss Edmund.
Edmund is moderately wounded.
Edmund hits you with a +0 heavy dire flail!
You thump Edmund!
Edmund is heavily wounded.
Edmund completely misses you.
You closely miss Edmund.
Edmund is heavily wounded.
Edmund hits you with a +0 heavy dire flail.
You hit Edmund.
Edmund is heavily wounded.
You hit Edmund.
Edmund is severely wounded.
Edmund barely misses you.
You hit Edmund but do no damage.
Edmund is severely wounded.
Edmund hits you with a +0 heavy dire flail!
You hit Edmund.
Edmund is severely wounded.
Edmund hits you with a +0 heavy dire flail!!
You die...
Edmund says, "I'd like to see a scythe do that!"

#+# #@# ###########
#@# #..........
####o#####..........
#.......@...........
#..........###......
#..........# .....
#..........# ....
#..........# @..
#..........# ..


You could see Edmund and an orc.

Vanquished Creatures
  An ice beast (D:3)
  A scorpion (D:4)
  Jessica (D:2)
  7 gnolls
  2 adders
  A river rat (D:3)
  2 ribbon worms
  3 orcs (D:4)
  4 endoplasms
  2 giant cockroaches
  5 hobgoblins
  7 jackals (D:3)
  A quokka (D:2)
  12 ball pythons
  6 bats
  13 frilled lizards
  4 goblins
  3 kobolds
  9 rats
84 creatures vanquished.

Notes
Turn   | Place    | Note
-------+----------+-------------------------------------------
     0 | D:1      | Nietzsche the Demonspawn Gladiator began the quest for the
                  | Orb.
     0 | D:1      | Reached XP level 1. HP: 16/16 MP: 1/1
   261 | D:1      | Found a faded altar of an unknown god.
   286 | D:1      | Gained mutation: You regenerate magic rapidly. [demonic
                  | ancestry]
   286 | D:1      | Reached XP level 2. HP: 23/23 MP: 2/2
   296 | D:1      | Reached skill level 3 in Maces & Flails
   411 | D:1      | Found Pubruf's Assorted Antiques.
   461 | D:2      | Found a stormy altar of Qazlal.
   492 | D:2      | Noticed Jessica
   499 | D:2      | Killed Jessica
   500 | D:2      | Reached XP level 3. HP: 14/28 MP: 3/3
   658 | D:2      | Found Jihud's Assorted Antiques.
   678 | D:2      | Found Bugoeher's Weapon Emporium.
  1130 | D:2      | Found Paidi's Distillery.
  1214 | D:2      | Reached skill level 4 in Maces & Flails
  1221 | D:2      | Reached XP level 4. HP: 30/34 MP: 4/4
  1626 | D:2      | Found Catolul's Armour Boutique.
  2269 | D:3      | Reached skill level 1 in Spellcasting
  2274 | D:3      | Reached XP level 5. HP: 16/39 MP: 6/6
  2554 | D:3      | Noticed an ice beast
  2571 | D:3      | Killed an ice beast
  2652 | D:3      | Found a blossoming altar of Fedhas.
  2658 | D:3      | Found a snail-covered altar of Cheibriados.
  2658 | D:3      | Found a broken altar of Ashenzari.
  2795 | D:3      | Reached skill level 5 in Maces & Flails
  2795 | D:3      | Reached XP level 6. HP: 47/47 MP: 8/8
  2994 | D:4      | Noticed Edmund
  3033 | D:4      | Slain by Edmund

Illustrated notes

Levels and vault maps discovered:
D:1:      nagdon_arrival_zigzag_paths, layout_rooms, basic_ecumenical_altar,
          serial_shops, nicolae_lakefront_shop,
          hangedman_abyss_or_decor_lesser_grid
D:2:      kennysheep_big_flooded_room, layout_loops_corners, basic_altar,
          serial_shops, nicolae_shop_tiny_waterfront,
          nicolae_shop_real_fake_doors, nicolae_shop_just_a_little_nook,
          nicolae_shop_bloodbath_and_beyond, minmay_lizard_king, uniq_jessica
D:3:      minmay_door_path, layout_basic, tso_metal_star, minitemple,
          portal_sewer_entry_e, corexii_leaking_fountain, due_unseen_surprise
D:4:      layout_basic, gammafunk_ghost_smash, uniq_grinder, uniq_blork_the_orc,
          uniq_edmund

Skill      XL: |  1  2  3  4  5 |
---------------+----------------+-----
Maces & Flails | 3 4 5 |  5.2
Spellcasting   | 1 |  1.9
Dodging        | 3 |  3.3
Fighting       | 3 |  3.2
Throwing       | |  1.8
Armour         | |  0.1

Action                     |  1- 3 |  4- 6 || total
---------------------------+-------+-------++-------
  Melee: Flail             |   107 |   208 ||   315
 Armour: Leather armour    |    87 |   193 ||   280
  Dodge: Dodged            |    80 |   126 ||   206

Table legend: (Time is in decaauts)
 A = Elapsed time spent in this place.
 B = Non-inter-level travel time spent in this place.
 C = Inter-level travel time spent in this place.
 D = Time resting spent in this place.
 E = Time spent auto-exploring this place.
 F = Levels seen in this place.
 G = Mean time per level.
                   A        B        C        D        E       F      G
               +--------+--------+--------+--------+--------+-----+--------+
         Total |   3095 |   3095 |      0 |      0 |   2001 |   4 |  773.8 |
       Dungeon |   3095 |   3095 |      0 |      0 |   2001 |   4 |  773.8 |
               +--------+--------+--------+--------+--------+-----+--------+

Top non-repeatable levels by time:
     D:2: 1493 daAuts
     D:3: 1008 daAuts
     D:1: 467 daAuts
     D:4: 126 daAuts
